 Dungeon Crawl Stone Soup version 0.18.1-5-g4a78601 (webtiles) character file.

1308 Scarto the Skirmisher (level 8, 0/64 HPs)
             Began as a Demonspawn Fighter on May 13, 2016.
             Was a Believer of Qazlal.
             Slain by an orc priest
             ... wielding a +0 trident
              (2 damage)
             ... on level 6 of the Dungeon.
             The game lasted 00:10:04 (4132 turns).

Scarto the Skirmisher (Demonspawn Fighter)          Turns: 4132, Time: 00:10:05

Health: 0/64       AC: 16    Str: 24    XL:     8   Next: 32%
Magic:  8/9        EV:  5    Int:  7    God:    Qazlal [**....]
Gold:   305        SH: 13    Dex: 13    Spells: 0 memorised, 7 levels left

rFire  . . .     SeeInvis .     a - +1 war axe
rCold  . . .     Gourm    .     r - +0 chain mail
rNeg   . . .     Faith    .     c - +0 shield
rPois  .         Spirit   .     (no helmet)
rElec  .         Dismiss  .     (no cloak)
rCorr  .         Reflect  .     j - +2 pair of gloves
SustAt +         Harm     .     (no boots)
MR     +....                    (no amulet)
Stlth  ..........               q - ring of sustain attributes
                                w - ring of protection from magic

@: mighty, somewhat resistant to hostile enchantments, extremely unstealthy
A: claws 1, hooves 1, molten scales 2, dopey 1, screaming 1, spiny 1
a: Upheaval, Renounce Religion


You were on level 6 of the Dungeon.
You worshipped Qazlal.
Qazlal was pleased with you.
You were very full.

You visited 1 branch of the dungeon, and saw 6 of its levels.
You also visited: Ossuary.

You collected 305 gold pieces.

Inventory:

Hand Weapons
 a - a +1 war axe (weapon)
 G - a +2 mace
Armour
 b - a +0 scale mail
 c - a +0 shield (worn)
 j - a +2 pair of gloves (worn)
 r - a +0 chain mail (worn)
Jewellery
 l - an uncursed ring of ice
 q - a ring of sustain attributes (right hand)
 w - a ring of protection from magic (left hand)
Wands
 p - a wand of flame (11/48)
 x - a wand of acid (4/15)
 C - a wand of confusion (9/48)
Scrolls
 e - 3 scrolls of fear
 h - 2 scrolls of enchant weapon
 o - 5 scrolls of identify
 t - a scroll of enchant armour
 v - 2 scrolls of remove curse
 y - a scroll of magic mapping
Potions
 d - a potion of might
 f - a potion of curing
 z - a potion of degeneration {unknown}
 A - a potion of flight
 B - a potion of cancellation {unknown}
 D - 3 potions of ambrosia {unknown}
 E - a potion of lignification {unknown}
Comestibles
 k - a slice of pizza
 m - 4 fruits
 n - a beef jerky
 u - a meat ration


   Skills:
 + Level 5.9 Fighting
 + Level 4.5 Axes
 + Level 0.3(2.7) Maces & Flails
 + Level 5.3 Armour
 + Level 5.4 Shields
 + Level 1.5 Invocations


You had 7 spell levels left.
You didn't know any spells.

Dungeon Overview and Level Annotations

Branches:
Dungeon (6/15)             Temple (0/1) D:4

Altars:
Pakellas
Qazlal


Innate Abilities, Weirdness & Mutations

You have sharp fingernails.
You are mostly covered in molten scales (AC +3, EV -1).
You are partially covered in sharp spines.
You have large cloven feet.
You are dopey. (Int -2)
You occasionally shout uncontrollably at your foes.


Message History

Drink which item? (? for menu, Esc to quit)
You feel better. You block the iguana's attack.
The orc priest hits you but does no damage.
You slash the iguana! You kick the iguana, but do no damage.
The iguana is almost dead.
The iguana is struck by your spines.
You kill the iguana!
Qazlal accepts your kill. The orc priest barely misses you.
You closely miss the orc. You block the orc's attack.
The orc priest hits you from afar with a trident.
* * * LOW HITPOINT WARNING * * *
You slice the orc!!
You kill the orc!
Qazlal accepts your kill.
The orc priest hits you from afar with a trident.
* * * LOW HITPOINT WARNING * * *
The orc priest is struck by your spines.
The orc priest hits you with a trident.
You die...

##### #...###
#.....# #..<#.#
#.#####.#
#.....#@#######
#>.....)o.!....
#.###.#........
#.#......?. #
#......$.
#..!.....
#........
#......%.
#........


You could see an orc priest.

Vanquished Creatures
  2 wraiths (Ossuary)
  An ice beast (D:5)
  An orc warrior (D:6)
  An ogre (D:3)
  A centaur (D:5)
  A scorpion (D:5)
  3 wights (Ossuary)
  A howler monkey (D:4)
  2 giant frog zombies (D:5)
  An orc priest (D:5)
  2 orc wizards
  A centaur skeleton (D:5)
  An iguana (D:6)
  2 worker ants (D:5)
  Terence (D:3)
  A hound skeleton (D:5)
  A howler monkey zombie (D:6)
  3 gnolls (D:2)
  5 adders
  An ooze (D:4)
  An adder skeleton (D:4)
  3 worms
  A dart slug (D:1)
  2 giant geckos
  5 orcs
  7 giant cockroaches
  5 goblins
  5 hobgoblins
  11 jackals
  8 kobolds
  A quokka (D:5)
  4 ball pythons
  4 ball python skeletons (Ossuary)
  7 bats
  A giant gecko skeleton (D:3)
  4 giant newts
  A hobgoblin skeleton (Ossuary)
  A jackal zombie (D:5)
  2 kobold zombies
  An orc skeleton (Ossuary)
  2 orc zombies (Ossuary)
  2 quokka skeletons (D:4)
  10 rats
120 creatures vanquished.

Vanquished Creatures (others)
  4 toadstools (D:1)
4 creatures vanquished.

Grand Total: 124 creatures vanquished

Notes
Turn   | Place    | Note
--------------------------------------------------------------
     0 | D:1      | Scarto the Demonspawn Fighter began the quest for the Orb.
     0 | D:1      | Reached XP level 1. HP: 18/18 MP: 1/1
   260 | D:1      | Gained mutation: You are partially covered in molten scales (AC +1). [demonic ancestry]
   260 | D:1      | Reached XP level 2. HP: 24/24 MP: 2/2
   851 | D:1      | Gained mutation: You are partially covered in sharp spines. [demonic ancestry]
   851 | D:1      | Reached XP level 3. HP: 28/29 MP: 3/3
  1457 | D:2      | You fall through a shaft for 2 floors!
  1466 | D:4      | Gained mutation: You have sharp fingernails. [demonic ancestry]
  1466 | D:4      | Reached XP level 4. HP: 32/36 MP: 4/4
  1625 | D:2      | Gained mutation: You have large cloven feet. [potion of mutation]
  1625 | D:2      | Gained mutation: You occasionally shout uncontrollably at your foes. [potion of mutation]
  1625 | D:2      | Gained mutation: You are dopey. (Int -2) [potion of mutation]
  1961 | D:3      | Noticed an ogre
  1966 | D:3      | Killed an ogre
  1966 | D:3      | Reached XP level 5. HP: 42/42 MP: 5/5
  1977 | D:3      | Noticed Terence
  1988 | D:3      | Killed Terence
  2074 | D:3      | Found a stormy altar of Qazlal.
  2080 | D:3      | Became a worshipper of Qazlal Stormbringer
  2196 | D:3      | Reached XP level 6. HP: 40/49 MP: 6/6
  2631 | D:4      | Found an oddly glowing altar of Pakellas.
  2785 | D:4      | Found a staircase to the Ecumenical Temple.
  3247 | D:5      | Entered Level 5 of the Dungeon
  3349 | D:5      | Reached * piety under Qazlal
  3377 | D:5      | Reached skill level 5 in Fighting
  3377 | D:5      | Reached XP level 7. HP: 40/56 MP: 7/7
  3715 | D:5      | Found a sand-covered staircase.
  3728 | Ossuary  | Entered an ossuary
  3820 | Ossuary  | Noticed a wraith
  3820 | Ossuary  | Noticed a flying skull
  3826 | Ossuary  | Noticed a flying skull
  3852 | Ossuary  | Noticed a flying skull
  3853 | Ossuary  | Noticed a flying skull
  3861 | Ossuary  | Noticed a wraith
  3864 | Ossuary  | Killed a wraith
  3864 | Ossuary  | Reached skill level 5 in Shields
  3884 | Ossuary  | Reached skill level 5 in Armour
  3909 | Ossuary  | Noticed a wraith
  3909 | Ossuary  | Gained mutation: You are mostly covered in molten scales (AC +3, EV -1). [demonic ancestry]
  3909 | Ossuary  | Reached XP level 8. HP: 58/63 MP: 8/8
  4121 | D:6      | Reached ** piety under Qazlal
  4126 | D:6      | Reached skill level 1 in Invocations
  4127 | D:6      | HP: 1/64 [orc priest/divine providence (9)]
  4132 | D:6      | Slain by an orc priest

Skill      XL: |  1  2  3  4  5  6  7  8 |
---------------+-------------------------+-----
Armour         | 3 4 5 |  5.3
Axes           | 2 3 4 |  4.5
Shields        | 3 4 5 |  5.4
Fighting       | 4 5 |  5.9
Invocations    | 1 |  1.5
Maces & Flails | |  0.3

Action                   |  1- 3 |  4- 6 |  7- 9 || total
-------------------------+-------+-------+-------++-------
Melee: War axe           |    84 |   115 |    88 ||   287
       Kick              |       |    33 |    29 ||    62
  Use: Potion            |     1 |     4 |     3 ||     8
       Scroll            |     1 |     7 |     5 ||    13
  Eat: Bread ration      |     1 |       |     2 ||     3
       Meat ration       |       |     1 |       ||     1
Armor: Scale mail        |    69 |    41 |       ||   110
       Chain mail        |       |    14 |    51 ||    65
Dodge: Dodged            |    29 |    33 |    18 ||    80
Block: Shield            |    61 |    70 |    55 ||   186
